 Dungeon Crawl Stone Soup version 0.18.1-47-g9310371 (console) character file.

114 Kloppie the Poker (level 4, 0/37 HPs)
             Began as a Demigod Gladiator on June 16, 2016.
             Slain by a hill giant
             ... wielding a +0 giant club
              (37 damage)
             ... on level 4 of the Dungeon.
             The game lasted 00:03:35 (2852 turns).

Kloppie the Poker (Demigod Gladiator)               Turns: 2852, Time: 00:03:36

Health: 0/37       AC:  7    Str: 18      XL:     4   Next: 40%
Magic:  6/6        EV: 11    Int: 11 (12) God:
Gold:   159        SH:  0    Dex: 18      Spells: 0 memorised, 3 levels left

rFire  . . .     SeeInvis .     a - +0 trident
rCold  . . .     Gourm    .     g - +0 scale mail
rNeg   . . .     Faith    .     (no shield)
rPois  .         Spirit   .     c - +0 helmet
rElec  .         Dismiss  .     (no cloak)
rCorr  .         Reflect  .     (no gloves)
SustAt +         Harm     .     (no boots)
MR     .....                    (no amulet)
Stlth  ..........               (no ring)
                                (no ring)

@: not resistant to hostile enchantments, extremely unstealthy
A: high mp 1, sustain attributes
a: no special abilities


You were on level 4 of the Dungeon.
You were not hungry.

You visited 1 branch of the dungeon, and saw 4 of its levels.

You collected 159 gold pieces.

Inventory:

Hand Weapons
 a - a +0 trident (weapon)
Missiles
 d - a throwing net (quivered)
Armour
 c - a +0 helmet (worn)
 g - a +0 scale mail (worn)
Scrolls
 e - a scroll of remove curse {unknown}
 i - a scroll of teleportation {unknown}
 j - a scroll of blinking {unknown}
 m - 2 scrolls of amnesia {unknown}
 n - a scroll of random uselessness {unknown}
 o - a scroll of recharging {unknown}
 q - a scroll of immolation {unknown}
 r - 2 scrolls of noise {unknown}
Potions
 h - a potion of curing {unknown}
 p - 3 potions of degeneration
Comestibles
 b - 2 fruits
 f - 5 bread rations
 k - a meat ration


   Skills:
 + Level 2.7 Fighting
 * Level 3.9 Polearms
 - Level 1.7 Throwing
 + Level 1.0 Armour
 - Level 3.1 Dodging


You had 3 spell levels left.
You didn't know any spells.

Dungeon Overview and Level Annotations

Branches:
Dungeon (4/15)
 Temple: D:4-7

Annotations:
D:3 Leafly's ghost, amateur DsFi


Innate Abilities, Weirdness & Mutations

You have an increased reservoir of magic (+10% MP).
Your attributes are resistant to harm.


Message History

A gnoll comes into view. It is wielding a spear.
You puncture the howler monkey!
You kill the howler monkey!
Your Armour skill increases to level 1!
You have reached level 4!
You feel your strength returning.
You feel your dexterity returning.
A hound comes into view.
The hound barks!
A ball python comes into view.
Throwing (i - inventory):
d - 2 throwing nets (quivered)
Press: ? - help, Shift-Dir - straight line, f - hill giant
Aim: a hill giant, wielding a giant club (immune to nets)
You throw a throwing net. The throwing net hits the hill giant.
The hill giant is too large for the net to hold!
You hit the hill giant.
The hill giant is lightly wounded.
The hound bites you but does no damage.
The hill giant hits you with a giant club!!!
Ouch! That really hurt!
You die...

##'#####.######
#........# #
#........# #
#........# #
#........#
#g.......#
#........#
#####........#
#.@Cg........#
#..h.........#
#............#
#............#
#.....S......#
#............#
#........[...#
#............#


You could see a hill giant, a hound, a gnoll and a ball python.

Vanquished Creatures
  A howler monkey (D:4)
  3 adders (D:2)
  A dart slug (D:3)
  2 giant geckos
  An orc (D:3)
  A giant cockroach (D:2)
  5 goblins
  7 hobgoblins
  A quokka (D:4)
  4 bats
  6 giant newts
  6 kobolds
  7 rats
45 creatures vanquished.

Notes
Turn   | Place    | Note
--------------------------------------------------------------
     0 | D:1      | Kloppie the Demigod Gladiator began the quest for the Orb.
     0 | D:1      | Reached XP level 1. HP: 17/17 MP: 3/3
   394 | D:1      | Reached XP level 2. HP: 24/24 MP: 4/4
   881 | D:2      | Found a shattered altar of Ashenzari.
  1287 | D:2      | Reached XP level 3. HP: 29/29 MP: 5/5
  1784 | D:2      | Found a burning altar of Makhleb.
  1784 | D:2      | Found a basalt altar of Yredelemnul.
  2184 | D:3      | Found an opulent altar of Gozag.
  2288 | D:3      | Noticed Leafly's ghost (amateur DsFi)
  2844 | D:4      | Noticed a hill giant
  2844 | D:4      | Reached skill level 1 in Armour
  2844 | D:4      | Reached XP level 4. HP: 36/37 MP: 6/6
  2852 | D:4      | Slain by a hill giant

Skill      XL: |  1  2  3 |
---------------+----------+-----
Fighting       | 2 |  2.7
Polearms       | 3 |  3.9
Dodging        | 3 |  3.1
Armour         | 1 |  1.0
Throwing       | |  1.7

Action                   |  1- 3 |  4- 6 || total
-------------------------+-------+-------++-------
Melee: Trident           |   173 |     1 ||   174
Throw: Throwing net      |     5 |     1 ||     6
  Use: Potion            |     1 |       ||     1
 Stab: Sleeping          |     2 |       ||     2
  Eat: Chunk             |     6 |       ||     6
Armor: Leather armour    |     1 |       ||     1
       Scale mail        |    60 |     1 ||    61
Dodge: Dodged            |    66 |       ||    66
